Map: Ulrena

Players

Senryakku - Winner!

  • Race: Terran Terran
  • League: Diamond

TheSixPaths

  • Race: Zerg Zerg
  • League: Diamond

VOD

Have the link to the VOD?

Description

Time

  • Played on: Nov. 30, 2015, 6:59 p.m.
  • Length: 11:05
Show
View Real Time Build Order
Export as new Build Order

Senryakku Terran - Winner!

Build Orders:  

Get SALT Encoding   

  12  0:00  SCV  
  13  0:13  SCV  
  14  0:18  Supply Depot  
  14  0:25  SCV  
  15  0:40  SCV  
  15  0:41  Barracks  
  16  0:52  SCV  
  18  1:04  SCV  
  18  1:16  SCV  
  19  1:28  Orbital Command, Marine  
  19  1:32  Command Center  
  20  1:43  Refinery  
  20  1:44  Refinery  
  20  1:46  Marine  
  21  1:54  SCV  
  21  1:56  Supply Depot  
  22  2:06  SCV  
  24  2:24  SCV  
  24  2:25  Bunker  
  24  2:28  Marine  
  24  2:29  Factory  
  25  2:36  SCV  
  26  2:45  Orbital Command  
  26  2:48  SCV  
  27  2:52  Barracks Reactor  
  27  3:00  SCV  
  27  3:01  Orbital Command  
  28  3:12  SCV  
  29  3:17  Starport x2  
  29  3:24  SCV  
  30  3:28  SCV  
  30  3:30  Refinery  
  31  3:35  Refinery  
  31  3:42  SCV x2  
  31  3:43  Hellion x2  
  37  3:54  SCV x2  
  39  3:56  Starport Tech Lab  
  39  3:57  Starport Tech Lab  
  39  4:06  Hellion x2  
  39  4:09  SCV x2  
  45  4:15  Supply Depot  
  45  4:18  Cloaking Field  
  45  4:24  SCV  
  46  4:36  Banshee x2, SCV  
  46  4:38  Supply Depot  
  53  4:45  SCV  
  54  4:55  Supply Depot, Hellion  
  54  4:59  SCV x2  
  58  5:00  Hellion  
  58  5:01  Supply Depot  
  58  5:12  SCV  
  59  5:19  Banshee x2  
  65  5:29  SCV x2  
  67  5:39  Command Center  
  67  5:40  Hellion x2  
  67  5:41  Starport  
  71  5:43  SCV, Factory  
  72  5:53  Armory  
  72  5:56  Engineering Bay  
  72  5:58  SCV x2  
  72  6:03  Hellion x2  
  78  6:18  Starport Reactor  
  78  6:23  Supply Depot  
  78  6:37  Factory Tech Lab  
  78  6:44  Supply Depot, Banshee x2  
  78  6:45  SCV x2, Liberator x2  
  86  6:50  Hellion x2  
  86  6:52  Orbital Command  
  90  6:55  Supply Depot x2  
  90  7:04  Siege Tank  
  87  7:16  Hellbat x2  
  91  7:22  Supply Depot  
  91  7:26  Terran Ship Weapons Level 1  
  91  7:27  Banshee x2  
  97  7:36  Siege Tank  
  100  7:43  Liberator  
  100  7:44  Liberator  
  100  8:02  Hellbat x2  
  110  8:11  Supply Depot  
  110  8:13  Banshee x2  
  116  8:38  Orbital Command  
  116  8:41  Liberator x2  
  116  8:53  SCV  
  117  8:57  Hellbat x3  
  117  9:00  Refinery  
  117  9:01  Supply Depot, Refinery  
  129  9:05  SCV x3  
  132  9:17  SCV x3, Supply Depot x2  
  133  9:18  Raven  
  133  9:19  Banshee  
  133  9:22  Supply Depot  
  140  9:25  Supply Depot  
  140  9:29  SCV  
  140  9:30  SCV x2  
  143  9:31  Liberator x2  
  143  9:34  Command Center  
  143  9:42  SCV x2  
  143  9:45  SCV  
  146  9:47  Cyclone  
  146  9:48  Hellbat x2  
  146  9:50  Supply Depot  
  159  9:53  Fusion Core  
  159  9:54  SCV  
  159  9:55  Supply Depot  
Show
View Real Time Build Order
Export as new Build Order

TheSixPaths Zerg 

Build Orders: Hatch First 

Get SALT Encoding   

  12  0:04  Drone  
  13  0:12  Overlord  
  13  0:18  Drone  
  14  0:32  Drone x2  
  16  0:51  Hatchery  
  16  0:53  Drone  
  16  1:08  Spawning Pool  
  15  1:15  Drone  
  15  1:16  Drone  
  17  1:19  Drone  
  18  1:40  Drone x2  
  18  1:43  Extractor  
  19  1:47  Overlord  
  19  2:00  Queen  
  21  2:03  Queen  
  21  2:04  Drone x2  
  25  2:12  Drone  
  25  2:13  Drone  
  27  2:21  Drone  
  28  2:24  Drone, Spine Crawler  
  28  2:43  Zergling x4  
  30  2:46  Drone x2  
  32  2:52  Drone  
  32  2:55  Lair  
  32  2:56  Drone  
  34  3:09  Hatchery  
  33  3:14  Overlord  
  33  3:15  Drone x2  
  35  3:27  Roach Warren  
  35  3:30  Queen  
  35  3:33  Drone x3  
  39  3:34  Drone  
  39  3:35  Drone  
  39  3:39  Overlord  
  41  3:47  Extractor  
  40  3:48  Drone  
  40  3:49  Drone, Extractor  
  40  3:50  Extractor  
  40  4:03  Drone x3  
  40  4:04  Drone x3  
  46  4:13  Drone  
  46  4:14  Drone  
  48  4:21  Drone x2  
  50  4:29  Overseer  
  50  4:30  Evolution Chamber x2  
  48  4:32  Roach x3  
  48  4:33  Roach  
  48  4:34  Roach  
  58  4:40  Overlord  
  58  4:41  Drone  
  57  5:01  Zerg Missile Weapons Level 1, Zerg Ground Armor Level 1  
  57  5:02  Glial Reconstitution  
  57  5:06  Drone x6  
  63  5:08  Overlord  
  63  5:22  Overlord  
  63  5:26  Drone x8  
  71  5:56  Overlord  
  71  5:57  Hydralisk Den  
  70  5:58  Drone x2  
  70  5:59  Drone x4, Extractor  
  70  6:00  Roach, Extractor  
  70  6:01  Roach x3  
  70  6:03  Overlord x3  
  82  6:14  Overseer  
  80  6:28  Hydralisk x4  
  80  6:32  Ravager x3  
  88  6:33  Ravager x6  
  88  6:37  Hydralisk  
  84  6:45  Overseer  
  76  6:47  Spore Crawler  
  76  6:50  Spore Crawler  
  65  6:56  Hydralisk x2  
  65  7:00  Hydralisk  
  62  7:13  Drone x11  
  62  7:14  Drone x2  
  75  7:20  Queen  
  77  7:26  Drone x2  
  77  7:28  Drone  
  80  7:37  Queen  
  82  7:57  Spore Crawler  
  79  8:01  Roach x5  
  79  8:02  Roach x4  
  94  8:25  Hatchery  
  93  8:27  Drone x2  
  93  8:28  Drone x3  
  93  8:29  Overlord x2  
  98  8:43  Overlord x2  
  98  8:50  Spore Crawler  
  97  9:00  Spore Crawler  
  96  9:03  Spore Crawler  
  96  9:05  Drone x3  
  96  9:08  Roach x3  
  96  9:09  Roach x2  
  108  9:13  Drone x3  
  108  9:16  Drone  
  112  9:21  Queen  
  114  9:43  Drone x3  
  117  9:50  Infestation Pit  
  117  9:52  Ravager x4  
  120  9:59  Drone x3  
  123  10:00  Queen  
  104  10:32  Roach  
  104  10:33  Ravager x6  
  104  10:34  Ravager x2  
Tags
 
Add a new tag
Caveats
  • Supply blocks, unpowered buildings, or Contaminate may cause inaccurate times.
  • Supply counts are checked every 10 seconds.